 Dungeon Crawl Stone Soup version 0.20.0-15-g7f486f2 (webtiles) character file.

613 ANON1729 the Destroyer (level 7, -4/36 HPs)
             Began as a Tengu Conjurer on June 22, 2017.
             Slain by an orc warrior
             ... wielding a +0 glaive
              (19 damage)
             ... on level 6 of the Dungeon.
             The game lasted 00:18:07 (4355 turns).

ANON1729 the Destroyer (Tengu Conjurer)             Turns: 4355, Time: 00:18:07

Health: -4/36      AC:  2    Str:  8    XL:     7   Next: 44%
Magic:  8/24       EV: 12    Int: 18    God:
Gold:   202        SH:  0    Dex: 14    Spells: 12/15 levels left

rFire    . . .     SeeInvis .   q - +2 dagger (elec)
rCold    . . .     Gourm    .   (no shield)
rNeg     . . .     Faith    .   a - +0 robe
rPois    .         Spirit   .   (helmet restricted)
rElec    .         Reflect  .   (no cloak)
rCorr    .         Harm     .   (no gloves)
MR       .....                  (boots unavailable)
Stlth    +.........             (no amulet)
Regen    0.2/turn               n - ring of magical power
MPRegen  0.2/turn               w - ring of loudness (curse)

@: no status effects
A: beak, talons 3, able to fly 1
a: Fly


You were on level 6 of the Dungeon.
You were not hungry.

You visited 1 branch of the dungeon, and saw 6 of its levels.

You collected 202 gold pieces.

Inventory:

Hand Weapons
 g - a +0 short sword
 q - a +2 dagger of electrocution (weapon)
 D - a +3 mace of holy wrath
Armour
 a - a +0 robe (worn)
Jewellery
 n - a ring of magical power (left hand)
 w - a cursed ring of loudness (right hand)
 C - an uncursed ring of resist corrosion
Wands
 r - a wand of polymorph (6/24)
 x - a wand of paralysis (9/24)
Scrolls
 e - 6 scrolls of remove curse
 h - a scroll of immolation {unknown}
 i - a scroll of random uselessness {unknown}
 k - a scroll of fear {unknown}
 l - 2 scrolls of recharging
 o - a scroll of noise {unknown}
 p - 4 scrolls of teleportation
 v - a scroll of amnesia {unknown}
 y - a scroll of enchant armour {unknown}
 B - a scroll of identify
Potions
 d - a potion of haste
 f - a potion of might
 j - a potion of curing
 m - a potion of heal wounds {unknown}
 s - a potion of lignification
 t - 3 potions of cancellation {unknown}
 u - a potion of resistance {unknown}
 z - 3 potions of agility {unknown}
Books
 b - a book of Conjurations

   Spells                             Type                      Level
   a - Magic Dart                     Conjuration                  1
   b - Searing Ray                    Conjuration                  2
   c - Dazzling Spray                 Conjuration/Hexes            3
   d - Fulminant Prism                Conjuration/Hexes            4
   e - Force Lance                    Conjuration/Translocation    4
   f - Iskenderun's Mystic Blast      Conjuration                  4
Comestibles
 c - 3 bread rations
 A - a meat ration
 E - 3 chunks of flesh


   Skills:
 - Level 2.1 Dodging
 - Level 2.0 Stealth
 + Level 4.9 Spellcasting
 + Level 9.4 Conjurations


You had 12 spell levels left.
You knew the following spells:

 Your Spells              Type           Power        Failure   Level  Hunger
a - Magic Dart            Conj           ####         1%          1    None
b - Searing Ray           Conj           #####.       1%          2    #......


Dungeon Overview and Level Annotations

Branches:
Dungeon (6/15)
 Temple: D:4-7

Altars:

Annotations:
D:5 nocturnal's ghost, novice FoAK


Innate Abilities, Weirdness & Mutations

You have a beak for a mouth.
You have claws for feet.
You can fly.


Message History

The searing ray hits the orc warrior.
The orc warrior is severely wounded.
The searing ray hits the orc.
You kill the orc!
The searing ray misses the orc warrior.
You finish channeling your searing ray.
The orc warrior barely misses you.
Casting: Searing Ray
Confirm with . or Enter, or press ? or * to list all spells.
Aiming: Searing Ray
Press: ? - help, Shift-Dir - straight line, f/p - orc warrior
Aim: an orc warrior, wielding a glaive and wearing a chain mail (severely wounded)
The searing ray hits the orc warrior.
The orc warrior is severely wounded. (Press . to maintain the ray.)
The orc warrior closely misses you.
The searing ray hits the orc warrior.
The orc warrior is almost dead.
The orc warrior hits you from afar with a glaive!!
Ouch! That really hurt!
You die...

#.# #># ###.#####
#.......# #.#####.#
#####(# #.# #.....#
#.#### #.#######.###.#
#....#
#.....o)@.###.#####.##.#
........)..##>.......##.#
.##.###...........#####.#
# ####.##.....#####.##
#................
#.###.#......#.## ..#
#.##..##.#.# #.#
##....##.#.##
####.##)#..<


You could see an orc warrior.

Vanquished Creatures
  An ice beast (D:5)
  A scorpion (D:5)
  The ghost of ANON1729 the Conjurer, a weakling TeCj (D:3)
  2 orc priests
  A hound (D:6)
  An orc wizard (D:4)
  3 iguanas (D:4)
  2 worker ants (D:5)
  Robin (D:1)
  5 adders
  A shadow imp (D:5)
  2 dart slugs
  3 worms
  3 leopard geckos (D:2)
  16 orcs
  4 giant cockroaches
  22 goblins
  9 hobgoblins
  10 jackals
  3 quokkas
  A ball python (D:3)
  6 bats
  6 frilled lizards
  9 kobolds
  A quokka zombie (D:5)
  4 rats
118 creatures vanquished.

Notes
Turn   | Place    | Note
-------+----------+-------------------------------------------
     0 | D:1      | ANON1729 the Tengu Conjurer began the quest for the Orb.
     0 | D:1      | Reached XP level 1. HP: 10/10 MP: 4/4
   186 | D:1      | Reached XP level 2. HP: 15/15 MP: 3/6
   331 | D:1      | Reached skill level 6 in Conjurations
   460 | D:1      | Reached XP level 3. HP: 19/19 MP: 7/7
   757 | D:2      | Noticed Robin
   793 | D:1      | Learned a level 2 spell: Searing Ray
   799 | D:1      | Killed Robin
  1056 | D:2      | Reached XP level 4. HP: 24/24 MP: 8/8
  1346 | D:2      | Found a faded altar of an unknown god.
  1673 | D:2      | Reached skill level 7 in Conjurations
  1869 | D:3      | Gained mutation: You can fly. [Tengu growth]
  1869 | D:3      | Reached XP level 5. HP: 14/28 MP: 9/10
  2302 | D:3      | Noticed ANON1729's ghost (weakling TeCj)
  2306 | D:3      | Killed ANON1729's ghost
  2527 | D:3      | Reached skill level 8 in Conjurations
  2811 | D:4      | Reached XP level 6. HP: 32/32 MP: 12/12
  2895 | D:4      | HP: 1/32 [orc wizard/dagger of electrocution (20)]
  3739 | D:5      | Entered Level 5 of the Dungeon
  3856 | D:5      | Reached skill level 9 in Conjurations
  3856 | D:5      | Reached XP level 7. HP: 36/36 MP: 14/14
  4094 | D:5      | Noticed nocturnal's ghost (novice FoAK)
  4355 | D:6      | Slain by an orc warrior

Skill      XL: |  1  2  3  4  5  6 |
---------------+-------------------+-----
Conjurations   | 6 7 8 9 |  9.4
Spellcasting   | 3 4 |  4.9
Dodging        | |  2.1
Stealth        | |  2.0

Action                   |  1- 3 |  4- 6 |  7- 9 || total
-------------------------+-------+-------+-------++-------
Melee: Short sword       |     7 |     2 |       ||     9
       Kick              |       |     1 |       ||     1
 Cast: Magic Dart        |    55 |   103 |    14 ||   172
       Searing Ray       |     1 |    21 |     7 ||    29
  Use: Scroll            |       |     5 |     1 ||     6
       Potion            |       |     2 |       ||     2
  Eat: Chunk             |     1 |     9 |     2 ||    12
Armor: Robe              |     1 |     2 |     1 ||     4
Dodge: Dodged            |     7 |    10 |     6 ||    23
